Map: Incorporeal LE

Players

ManlyManMeat

  • Race: Zerg Zerg
  • League: Master
  • Spawn Location: 5:00

cleverup - Winner!

  • Race: Zerg Zerg
  • League: Master
  • Spawn Location: 11:00

VOD

Have the link to the VOD?

Description

Time

  • Played on: June 16, 2025, 1:38 p.m.
  • Length: 9:10
Show
View Real Time Build Order
Export as new Build Order

ManlyManMeat Zerg 

Build Orders: Hatch First 

Get SALT Encoding   

  12  0:09  Overlord  
  12  0:17  Drone x2  
  14  0:27  Drone  
  15  0:30  Drone  
  16  0:48  Hatchery  
  15  0:51  Drone  
  15  0:56  Drone  
  17  1:09  Drone  
  18  1:13  Spawning Pool  
  18  1:17  Drone  
  18  1:25  Drone  
  19  1:35  Drone  
  20  1:46  Drone  
  21  1:59  Queen  
  21  2:01  Queen  
  23  2:02  Zergling x4  
  23  2:08  Overlord  
  27  2:11  Drone  
  28  2:26  Drone x2  
  30  2:42  Drone  
  30  2:43  Drone x2  
  33  2:48  Evolution Chamber  
  32  3:03  Queen  
  33  3:09  Roach Warren  
  33  3:11  Evolution Chamber  
  33  3:12  Drone x4  
  35  3:13  Overlord x2  
  35  3:27  Extractor  
  35  3:28  Extractor  
  35  3:29  Drone x3  
  36  3:37  Drone x3  
  39  3:55  Drone x2  
  39  3:56  Drone x2  
  39  4:02  Extractor x2  
  41  4:09  Roach  
  45  4:10  Roach  
  45  4:16  Overlord x2  
  45  4:18  Drone x3  
  45  4:21  Drone x3  
  45  4:23  Hatchery  
  45  4:24  Zerg Missile Weapons Level 1  
  50  4:34  Roach  
  56  4:52  Roach  
  56  4:53  Roach x4  
  62  5:01  Roach x2  
  62  5:02  Roach  
  62  5:04  Overlord  
  62  5:05  Overlord  
  62  5:06  Overlord  
  68  5:24  Drone x4  
  72  5:28  Lair  
  72  5:30  Roach x4  
  72  5:31  Roach x3  
  86  5:45  Drone x3  
  89  5:56  Overlord  
  89  5:57  Overlord  
  89  6:06  Overlord x2  
  89  6:08  Drone  
  90  6:13  Overlord x2  
  90  6:20  Roach x4  
  90  6:21  Roach x3  
  90  6:25  Glial Reconstitution, Zerg Ground Armor Level 1  
  103  6:39  Roach x4  
  101  6:40  Roach x4  
  95  6:48  Roach x3  
  96  6:54  Drone x4  
  95  7:14  Roach x3  
  95  7:15  Roach x3  
  107  7:24  Roach x3  
  99  7:31  Roach x2  
  89  7:44  Tunneling Claws  
  85  7:49  Roach  
  85  7:50  Roach x5  
  97  7:56  Ravager x2  
  97  7:57  Ravager x3  
  102  7:59  Zergling x8  
  102  8:00  Zergling x4  
  108  8:06  Drone  
  108  8:07  Drone  
  110  8:26  Zergling x16  
  114  8:36  Zergling x10  
  104  8:49  Roach x6  
Show
View Real Time Build Order
Export as new Build Order

cleverup Zerg - Winner!

Build Orders: Hatch First 

Get SALT Encoding   

  12  0:01  Drone  
  13  0:12  Overlord  
  13  0:19  Drone  
  14  0:31  Drone  
  14  0:32  Drone  
  14  0:34  Drone  
  17  0:54  Hatchery  
  16  0:58  Drone  
  17  1:10  Spawning Pool  
  16  1:13  Drone  
  17  1:20  Drone x2  
  19  1:27  Extractor  
  19  1:28  Drone  
  19  1:42  Drone  
  20  1:51  Overlord  
  20  1:57  Queen  
  22  2:06  Zergling x2  
  23  2:08  Zergling x2  
  23  2:10  Queen  
  23  2:11  Drone  
  27  2:24  Drone x2  
  27  2:28  Drone  
  30  2:32  Drone  
  31  2:39  Drone  
  31  2:43  Drone  
  33  2:46  Queen  
  35  2:54  Drone  
  36  2:59  Metabolic Boost  
  36  3:05  Roach Warren  
  33  3:30  Evolution Chamber  
  33  3:31  Evolution Chamber  
  33  3:33  Drone x3  
  33  3:34  Drone x2  
  36  3:35  Overlord x2  
  36  3:37  Evolution Chamber  
  36  3:38  Lair  
  35  3:44  Drone  
  36  3:53  Roach x3  
  36  3:54  Roach  
  44  4:04  Drone  
  44  4:05  Drone x3  
  48  4:15  Extractor  
  48  4:16  Drone x3, Extractor  
  48  4:17  Drone, Extractor  
  49  4:24  Drone  
  49  4:27  Drone x2  
  52  4:50  Overlord x2  
  52  4:54  Hatchery  
  51  5:07  Overlord x2  
  51  5:08  Overlord, Queen  
  51  5:10  Glial Reconstitution  
  51  5:12  Zerg Ground Armor Level 1  
  51  5:13  Zerg Missile Weapons Level 1  
  53  5:18  Roach x3  
  59  5:23  Roach  
  61  5:34  Roach x3  
  61  5:35  Roach  
  69  5:40  Roach x2  
  73  6:00  Roach x4  
  73  6:01  Roach x2  
  73  6:02  Zergling x2  
  86  6:12  Roach x3  
  92  6:25  Roach x3  
  97  6:39  Roach x3  
  95  6:40  Roach  
  95  7:00  Roach  
  95  7:01  Overlord x2  
  97  7:03  Ravager  
  97  7:06  Overlord x4  
  92  7:31  Ravager x2  
  92  7:32  Ravager  
  92  7:33  Ravager  
  92  7:34  Ravager  
  89  7:45  Roach  
  89  7:46  Roach x12  
  115  7:55  Ravager  
  115  7:56  Ravager  
  115  7:57  Ravager  
  115  7:58  Ravager  
  119  7:59  Ravager  
  119  8:05  Roach x4  
  128  8:15  Spore Crawler  
  128  8:19  Hydralisk Den  
  126  8:21  Spore Crawler  
  111  8:55  Ravager  
  110  8:56  Ravager  
Tags
 
Add a new tag
Caveats
  • Supply blocks, unpowered buildings, or Contaminate may cause inaccurate times.
  • Supply counts are checked every 10 seconds.